 Dungeon Crawl Stone Soup version 0.28.0-53-g5a82cb258f (webtiles) character file.

Game seed: 8129195761933642300

1486 Ashen the Ogre Mage (level 8, 0/80 HPs)
             Began as an Ogre Ice Elementalist on June 29, 2022.
             Slain by a centaur (2 damage)
             ... on level 5 of the Dungeon.
             The game lasted 00:15:51 (6930 turns).

Ashen the Ogre Mage (Ogre Ice Elementalist)         Turns: 6930, Time: 00:15:52

Health: 0/80       AC:  8    Str: 13    XL:     8   Next: 80%
Magic:  17/17      EV: 10    Int: 18    God:
Gold:   124        SH:  0    Dex:  9    Spells: 7/20 levels left

rFire   . . .      SeeInvis .   x - +1 whip (flame)
rCold   . . .      Faith    .   (no shield)
rNeg    . . .      Spirit   .   a - +0 robe
rPois   .          Reflect  .   (helmet restricted)
rElec   .          Harm     .   m - +0 cloak
rCorr   .          Rampage  .   (gloves unavailable)
Will    +....                   (boots unavailable)
Stlth   ++........              (no amulet)
HPRegen 0.23/turn               b - +4 ring of protection
MPRegen 0.15/turn               o - ring of willpower

@: no status effects
A: large, unfitting armour, tough skin 1
a: no special abilities


You were on level 5 of the Dungeon.
You visited 1 branch of the dungeon, and saw 5 of its levels.
You also visited: Ossuary.

You collected 124 gold pieces.

Inventory:

Hand Weapons
 e - a +2 dagger of protection
 j - a +0 morningstar
 w - a +0 giant spiked club
 x - a +1 whip of flaming (weapon)
Missiles
 f - 2 throwing nets
Armour
 a - a +0 robe (worn)
 m - a +0 cloak (worn)
Jewellery
 b - a +4 ring of protection (left hand)
 o - a ring of willpower (right hand)
Wands
 k - a wand of flame (32)
Scrolls
 d - a scroll of identify
 g - a scroll of holy word
 l - 2 scrolls of teleportation
 r - 2 scrolls of vulnerability {unknown}
Potions
 c - 4 potions of brilliance
 h - 3 potions of curing
 i - 2 potions of invisibility {unknown}
 n - 4 potions of heal wounds
 p - 4 potions of lignification
 q - a potion of flight {unknown}
 s - 2 potions of might
 t - a potion of mutation
 u - 2 potions of degeneration {unknown}
 v - 2 potions of berserk rage


   Skills:
 + Level 5.0 Fighting
 + Level 3.0 Maces & Flails
 + Level 3.9 Dodging
 + Level 3.3 Stealth
 * Level 6.5 Spellcasting
 + Level 1.8 Conjurations
 + Level 5.1 Ice Magic


You had 7 spell levels left.
You knew the following spells:

 Your Spells              Type           Power      Damage    Failure   Level
a - Freeze                Ice            96%        1d11      1%          1
b - Frozen Ramparts       Ice            48%        1d6       4%          3
c - Ozocubu's Armour      Ice            24%        N/A       4%          3
d - Hailstorm             Conj/Ice       18%        3d6       26%         4
e - Static Discharge      Conj/Air       9%         N/A       12%         2

Your spell library contained the following spells:

 Spells                   Type           Power      Damage    Failure   Level
 Sandblast                Erth           10%        2d5       12%         1
 Passwall                 Tmut/Erth      4%         N/A       17%         2
 Stone Arrow              Conj/Erth      18%        3d8       24%         3
 Iskenderun's Battlesphe  Conj           12%        2d7       82%         5
 Lightning Bolt           Conj/Air       4%         1d16      91%         5
 Iron Shot                Conj/Erth      4%         9d2       100%        6
 Spellforged Servitor     Conj/Summ      4%         N/A       100%        7
 Maxwell's Capacitive Co  Air            2%         ∞         100%        8


Dungeon Overview and Level Annotations

Branches:
Dungeon (5/15)            Ossuary (visited)
 Temple: D:4-7

Altars:
Kikubaaqudgha


Innate Abilities, Weirdness & Mutations

You are too large for most types of armour.
You have tough skin. (AC +1)


Message History

HP restored.
Done exploring.
Done exploring.
There is a stone staircase leading up here.
There is a stone staircase leading down here.
You climb downwards.
There is a stone staircase leading up here.
Found an escape hatch in the ceiling.
A centaur comes into view.
The centaur shouts!
The centaur wields a +0 shortbow.
The centaur shoots an arrow.
The arrow barely misses you.
You hear a shout!
The centaur shoots an arrow.
The arrow hits you.
An ogre comes into view. It is wielding a +0 giant spiked club.
The centaur shoots an arrow.
The arrow barely misses you.
The centaur unwields a +0 shortbow.
The centaur hits you but does no damage.
The centaur closely misses you.
A jelly comes into view.
The centaur hits you but does no damage.
The centaur barely misses you.
The jelly quivers.
You hit the ogre. You burn the ogre.
The ogre is moderately wounded.
The centaur hits you. The centaur kicks you.
The ogre hits you with a +0 giant spiked club!!
You hit the ogre. You burn the ogre.
The ogre is heavily wounded.
The centaur hits you.
The centaur kicks you but does no damage.
The centaur wields a +0 shortbow.
The centaur shoots an arrow.
The arrow hits you.
The centaur shoots an arrow.
The arrow hits you.
The centaur shoots an arrow.
The arrow hits you!
There is an escape hatch in the ceiling here.
The ogre hits you with a +0 giant spiked club!!
* * * LOW HITPOINT WARNING * * *
The centaur unwields a +0 shortbow.
The centaur hits you.
You die...

# ..## . ..### ..
...############ ..
#####..##........# #.
.....#.##..<.....#
#.########.............#
####...J..O@....####......#
..........c...####8#......#
#....##....#### #.........#
#.. ###### #.....###### .
#8..K...# #.....### #.....8
.....## ....#


You could see an ogre, a centaur and a jelly.

Vanquished Creatures
  Pikel (D:4)
  Sigmund (D:2)
  Menkaure (Ossuary)
  A necrophage (D:4)
  An ogre (D:4)
  A phantom (D:3)
  3 lemures (D:4)
  2 vampire bats (D:3)
  Crazy Yiuf (D:4)
  A hound (D:4)
  An iguana (D:4)
  Natasha (thrice) (D:3)
  A hound skeleton (D:4)
  3 mummies (Ossuary)
  6 gnolls
  3 adders
  An ufetubus (D:3)
  2 worms
  4 dart slugs
  A bat skeleton (D:3)
  4 bat zombies (D:3)
  11 endoplasms
  5 giant cockroaches
  6 gnoll zombies (Ossuary)
  8 goblins
  2 hobgoblins (D:1)
  4 jackals (D:2)
  6 quokkas
  6 ball pythons
  9 bats
  7 frilled lizards
  7 goblin skeletons (Ossuary)
  10 goblin zombies (Ossuary)
  7 hobgoblin skeletons (Ossuary)
  9 kobolds
  4 kobold skeletons (Ossuary)
  3 kobold zombies (Ossuary)
  3 orc skeletons (Ossuary)
  2 orc zombies (Ossuary)
  3 rats (D:1)
  4 rat skeletons (Ossuary)
  4 rat zombies (Ossuary)
162 creatures vanquished.

Notes
Turn   | Place    | Note
-------+----------+-------------------------------------------
     0 | D:1      | Ashen the Ogre Ice Elementalist began the quest for the
                  | Orb.
     0 | D:1      | Reached XP level 1. HP: 16/16 MP: 3/3
   293 | D:1      | Reached XP level 2. HP: 24/26 MP: 3/5
   549 | D:1      | Reached skill level 1 in Fighting
   762 | D:1      | Found a faded altar of an unknown god.
   825 | D:1      | Reached XP level 3. HP: 33/33 MP: 7/7
   829 | D:1      | Learned a level 3 spell: Frozen Ramparts
   833 | D:1      | Learned a level 3 spell: Ozocubu's Armour
   847 | D:1      | Reached skill level 3 in Spellcasting
  1322 | D:2      | Noticed Sigmund
  1673 | D:2      | Reached XP level 4. HP: 42/42 MP: 3/8
  2114 | D:3      | Noticed a phantom
  2198 | D:3      | Killed a phantom
  2199 | D:3      | Reached skill level 1 in Maces & Flails
  2199 | D:3      | Reached XP level 5. HP: 12/49 MP: 2/10
  2674 | D:3      | Noticed Natasha
  2680 | D:3      | Killed Natasha
  2724 | D:3      | Reached skill level 4 in Spellcasting
  2883 | D:3      | Noticed an ice beast
  3294 | D:2      | Reached XP level 6. HP: 50/59 MP: 8/12
  3406 | D:2      | Killed Sigmund
  3958 | D:3      | Noticed Natasha
  3969 | D:3      | Killed Natasha
  3970 | D:3      | Reached XP level 7. HP: 60/67 MP: 1/14
  4113 | D:3      | Found an ancient bone altar of Kikubaaqudgha.
  4370 | D:3      | Noticed Natasha
  4376 | D:3      | Killed Natasha
  4377 | D:3      | Reached skill level 5 in Spellcasting
  4601 | D:4      | Found a sand-covered staircase.
  4606 | Ossuary  | Entered an ossuary
  4621 | Ossuary  | Learned a level 4 spell: Hailstorm
  5078 | Ossuary  | Noticed Menkaure
  5092 | Ossuary  | HP: 2/70 [Menkaure (5)]
  5096 | Ossuary  | Killed Menkaure
  5382 | Ossuary  | Reached XP level 8. HP: 57/78 MP: 9/16
  6128 | D:4      | Reached skill level 1 in Conjurations
  6190 | D:4      | Learned a level 2 spell: Static Discharge
  6407 | D:4      | Found a runed translucent door.
  6408 | D:4      | Noticed Crazy Yiuf
  6477 | D:4      | Killed Crazy Yiuf
  6760 | D:5      | Entered Level 5 of the Dungeon
  6763 | D:5      | Noticed Pikel
  6849 | D:4      | Killed Pikel
  6850 | D:4      | Reached skill level 5 in Fighting
  6850 | D:4      | Reached skill level 6 in Spellcasting
  6850 | D:4      | Reached skill level 5 in Ice Magic
  6930 | D:5      | HP: 2/80 [ogre/+0 giant spiked club (24)]
  6930 | D:5      | Slain by a centaur

Illustrated notes

Levels and vault maps discovered:
D:1:      lightli_arrival_statue_moat, layout_rooms,
          shapermc_ecumenical_altar_hornbeckon, nrook_mini_vaults
D:2:      layout_rooms, uniq_sigmund
D:3:      minmay_general_purpose_star, layout_loops_corners,
          kennysheep_vampire_church, uniq_natasha
D:4:      layout_basic, serial_curves, eino_curves_03, eino_curves_01,
          nicolae_ossuary_entry_false_entrances, uniq_crazy_yiuf_cottage
D:5:      layout_rooms, minmay_temple_entry_sparse_star, serial_corexii_hall,
          corexii_hall_statues_t, corexii_hall_statues_u,
          corexii_hall_statues_i, chequers_hall_statues_corner_a,
          corexii_hall_statues_x, chequers_hall_statues_y, grunt_ministairs_10,
          uniq_pikel, uniq_prince_ribbit1

Skill      XL: |  1  2  3  4  5  6  7  8 |
---------------+-------------------------+-----
Fighting       | 1 2 3 4 5 |  5.0
Dodging        | 2 3 |  3.9
Spellcasting   | 3 4 5 6 |  6.5
Maces & Flails | 1 2 3 |  3.0
Stealth        | 2 3 |  3.3
Ice Magic      | 4 5 |  5.1
Conjurations   | 1 |  1.8

Action                   |  1- 3 |  4- 6 |  7- 9 || total
-------------------------+-------+-------+-------++-------
Melee: Unarmed           |     9 |       |       ||     9
       Dagger            |    64 |   190 |   339 ||   593
       Punch             |       |     2 |     9 ||    11
       Whip              |       |       |     2 ||     2
 Cast: Freeze            |    37 |     9 |    35 ||    81
       Frozen Ramparts   |     1 |     6 |     7 ||    14
       Ozocubu's Armour  |       |    11 |    12 ||    23
  Use: Potion            |       |       |     1 ||     1
       Scroll            |       |       |    11 ||    11
 Stab: Sleeping          |     2 |     2 |     5 ||     9
       Distracted        |       |       |     1 ||     1
Armor: Robe              |    43 |   133 |   163 ||   339
Dodge: Dodged            |    40 |   122 |   167 ||   329
